 Dungeon Crawl Stone Soup version 0.27-a0-1378-gdefffd1ff6 (webtiles) character file.

Game seed: 17863696231681709785

128 dickylongcocking the Magician (level 5, -18/41 HPs)
             Began as a Djinni Wanderer on June 29, 2021.
             Was an Initiate of Gozag.
             Demolished by an ogre (24 damage)
             ... on level 4 of the Dungeon.
             The game lasted 00:05:06 (5346 turns).

dickylongcocking the Magician (Djinni Wanderer)     Turns: 5346, Time: 00:05:06

Health: -18/41     AC:  4    Str: 15    XL:     5   Next: 34%
Gold:   278        EV: 11    Int: 12    God:    Gozag SH:  0 Dex: 15

rFire    + + +     SeeInvis .   d - +0 rapier (vamp)
rCold    x . .     Faith    .   (no shield)
rNeg     . . .     Spirit   .   l - +1 leather armour of the Orange Skies {rF+ Str+4}
rPois    ∞         Reflect  .   (no helmet)
rElec    .         Harm     .   (no cloak)
rCorr    .         Rampage  .   (no gloves)
Will     .....                  (boots unavailable)
Stlth    +.........             (no amulet)
HPRegen  0.13/turn              (no ring)
MPRegen  0.00/turn              (no ring)

@: flying
A: sickness immunity, fire resistance 2, cold vulnerability 1, float, innate
caster, hp casting, extra vitality 1
a: Renounce Religion, Potion Petition, Call Merchant, Bribe Branch


You were on level 4 of the Dungeon.
You worshipped Gozag.
Gozag was aware of your devotion.
You visited 1 branch of the dungeon, and saw 4 of its levels.

You collected 335 gold pieces.
You spent 20 gold pieces at shops.
You paid 37 gold pieces to Gozag.

Inventory:

Hand Weapons
 a - a +0 dagger
 d - a +0 vampiric rapier (weapon)
Missiles
 c - 94 stones
Armour
 b - a +0 robe
 l - the +1 leather armour of the Orange Skies (worn) {rF+ Str+4}
   (You found it on level 4 of the Dungeon)

   Str:       It affects your strength (+4).
   rF:        It protects you from fire.
Magical Staves
 f - a staff of cold
Scrolls
 i - a scroll of torment {unknown}
 j - a scroll of identify
 k - a scroll of magic mapping
Potions
 e - 3 potions of curing {unknown}
 g - 3 potions of heal wounds
 h - a potion of degeneration {unknown}


   Skills:
 * Level 3.9 Fighting
 * Level 1.1 Short Blades
 - Level 1.0 Throwing
 - Level 6.7 Spellcasting
 - Level 1.0 Evocations


You couldn't memorise any spells.
You knew the following spells:

 Your Spells              Type           Power      Damage    Failure   Level
a - Magic Dart            Conj           80%        1d7       1%          1
b - Blink                 Tloc           N/A        N/A       1%          2
c - Call Imp              Summ           20%        N/A       1%          2
d - Slow                  Hex            20%        N/A       1%          2
e - Conjure Flame         Conj/Fire      20%        6-21      3%          3
f - Mephitic Cloud        Conj/Pois/Air  20%        N/A       3%          3
g - Teleport Other        Tloc           20%        N/A       3%          3
h - Apportation           Tloc           40%        N/A       1%          1
i - Static Discharge      Conj/Air       20%        N/A       1%          2
j - Corpse Rot            Necr/Air       N/A        N/A       1%          2
k - Sandblast             Erth           40%        2d10      1%          1
l - Wereblood             Tmut           20%        N/A       1%          2

Your spell library contained the following spells:

 Spells                   Type           Power      Damage    Failure   Level


Dungeon Overview and Level Annotations

Branches:
Dungeon (4/15)
 Temple: D:4-7

Altars:
Gozag

Shops:
D:2 ?   D:4 [


Innate Abilities, Weirdness & Mutations

You are immune to sickness and miasma.
You are immune to poison.
Your flesh is very heat resistant. (rF++)
You are vulnerable to cold. (rC-)
You float through the air rather than walking.
You learn spells naturally, not from books.
Your magical power is your life essence.
You have superior vitality. (+4 HP)


Message History

The ogre is moderately wounded.
The ogre hits you with a +0 giant spiked club!!
An ogre is nearby!
You barely miss the ogre.
The ogre is moderately wounded.
The ogre hits you with a +0 giant spiked club!
Unknown command.
Casting: Mephitic Cloud (dangerous; 3% risk of failure)
Confirm with . or Enter, or press ? or * to list all spells.
Okay, then.
Casting: Mephitic Cloud (dangerous; 3% risk of failure)
Confirm with . or Enter, or press ? or * to list all spells.
Okay, then.
Unknown command.
A ball python comes into view.
The ball python hisses angrily.
Casting: Mephitic Cloud (dangerous; 3% risk of failure)
Confirm with . or Enter, or press ? or * to list all spells.
You blink.
A goblin and a skeleton come into view.
Found a fizzy blue potion.
Unknown command.
Unknown command.
Unknown command.
Unknown command.
The goblin shouts!
The water moccasin skeleton bites you. x2
* * * LOW HITPOINT WARNING * * *
Casting: Blink (safe; 1% risk of failure)
Confirm with . or Enter, or press ? or * to list all spells.
You blink.
* * * LOW HITPOINT WARNING * * *
Found a scroll labelled SANGAF OTHRI.
Unknown command.
Unknown command.
Unknown command.
The ogre hits you with a +0 giant spiked club!!
Ouch! That really hurt!
You die...
Your body crumbles into a pile of gold.

### ..# #.######.#######
...?...........
.####...........
#.#...SO@........
#.#§#.gZ......###
#.#.#.........#
#.#.#.........# #
#.#.#.........#
#########.#.#....!......
........................
.########...##..........
..................###


You could see an ogre, a goblin, a ball python and a water moccasin skeleton.

Vanquished Creatures
  Crazy Yiuf (D:2)
  2 adders (D:3)
  A worm (D:2)
  A dart slug (D:1)
  5 ball pythons
  5 endoplasms
  2 giant cockroaches (D:3)
  5 goblins
  4 hobgoblins
  6 jackals
  6 bats
  2 frilled lizards (D:3)
  2 kobolds
  4 rats
46 creatures vanquished.

Vanquished Creatures (collateral kills)
  A hound (D:3)
  An adder (D:2)
  An endoplasm (D:1)
  A giant cockroach (D:1)
  4 jackals
  A ball python (D:3)
  A bat (D:1)
  3 goblins
  A kobold (D:2)
  A rat (D:1)
15 creatures vanquished.

Vanquished Creatures (others)
  A fungus (D:2)
1 creature vanquished.

Grand Total: 62 creatures vanquished

Notes
Turn   | Place    | Note
-------+----------+-------------------------------------------
     0 | D:1      | dickylongcocking the Djinni Wanderer began the quest for
                  | the Orb.
     0 | D:1      | Reached XP level 1. HP: 15/15 MP: 0/0
     2 | D:1      | Noticed a ghoul
     2 | D:1      | Noticed a vine stalker
     4 | D:1      | Noticed an elf
     4 | D:1      | Noticed a vampire
     6 | D:1      | Noticed a palentonga
     6 | D:1      | Noticed a troll
     8 | D:1      | Noticed a human
     8 | D:1      | Noticed a spriggan
    10 | D:1      | Noticed a draconian
    10 | D:1      | Noticed a demigod
    12 | D:1      | Noticed an octopode
    14 | D:1      | Noticed a minotaur
    14 | D:1      | Noticed a djinni
    17 | D:1      | Noticed an ogre
    17 | D:1      | Noticed a naga
    19 | D:1      | Noticed a tengu
    19 | D:1      | Noticed a formicid
    21 | D:1      | Noticed a merfolk
    21 | D:1      | Noticed a dwarf
    23 | D:1      | Noticed a felid
    23 | D:1      | Noticed a barachi
    25 | D:1      | Noticed a gargoyle
    25 | D:1      | Noticed a demonspawn
    40 | D:1      | Found a faded altar of an unknown god.
   255 | D:1      | Reached XP level 2. HP: 13/21 MP: 0/0
   984 | D:1      | Reached skill level 1 in Fighting
  1788 | D:2      | Reached XP level 3. HP: 17/27 MP: 0/0
  1788 | D:2      | Learned a level 1 spell: Sandblast
  2369 | D:2      | Found a runed translucent door.
  2370 | D:2      | Noticed Crazy Yiuf
  2766 | D:2      | Reached XP level 4. HP: 33/34 MP: 0/0
  2829 | D:2      | Found an opulent altar of Gozag.
  3055 | D:2      | Became a worshipper of Gozag Ym Sagoz the Greedy
  3131 | D:2      | Found Sixte's Magic Scroll Shoppe.
  3134 | D:2      | Bought a scroll of identify for 20 gold pieces
  3432 | D:2      | Killed Crazy Yiuf
  4310 | D:3      | Reached XP level 5. HP: 4/41 MP: 0/0
  4310 | D:3      | Learned a level 2 spell: Wereblood
  4963 | D:3      | Reached skill level 1 in Short Blades
  5221 | D:4      | Identified the +1 leather armour of the Orange Skies {rF+
                  | Str+4}
  5263 | D:4      | Noticed an ogre
  5298 | D:4      | Found Bichira's Armour Boutique.
  5346 | D:4      | Demolished by an ogre

Illustrated notes

Levels and vault maps discovered:
D:1:      kb_arrival_jail, layout_loops_corners,
          hellmonk_ecumenical_altar_lost_god
D:2:      layout_loops_corners, serial_shops, nicolae_shop_behind_doors,
          basic_altar, uniq_crazy_yiuf_cottage
D:3:      layout_loops_cross, minmay_distorted
D:4:      layout_basic, serial_shops, nicolae_shop_behind_doors,
          kennysheep_big_empty_room

Skill      XL: |  1  2  3  4  5 |
---------------+----------------+-----
Fighting       | 1 2 3 |  3.9
Short Blades   | 1 |  1.1
Throwing       | |  1.0
Spellcasting   | |  6.7
Evocations     | |  1.0

Action                   |  1- 3 |  4- 6 || total
-------------------------+-------+-------++-------
Melee: Rapier            |    55 |    58 ||   113
 Cast: Magic Dart        |     8 |       ||     8
       Call Imp          |    13 |     6 ||    19
       Static Discharge  |     5 |       ||     5
       Sandblast         |       |     4 ||     4
       Blink             |       |     4 ||     4
       Mephitic Cloud    |       |     2 ||     2
  Use: Potion            |     1 |     1 ||     2
       Scroll            |       |     6 ||     6
 Stab: Sleeping          |       |     3 ||     3
Armor: Robe              |    19 |    24 ||    43
       Leather armour    |       |     2 ||     2
Dodge: Dodged            |    70 |    63 ||   133

Table legend: (Time is in decaauts)
 A = Elapsed time spent in this place.
 B = Non-inter-level travel time spent in this place.
 C = Inter-level travel time spent in this place.
 D = Time resting spent in this place.
 E = Time spent auto-exploring this place.
 F = Levels seen in this place.
 G = Mean time per level.
                   A        B        C        D        E       F      G
               +--------+--------+--------+--------+--------+-----+--------+
         Total |   5377 |   4988 |    389 |    529 |   3919 |   4 | 1344.2 |
       Dungeon |   5377 |   4988 |    389 |    529 |   3919 |   4 | 1344.2 |
               +--------+--------+--------+--------+--------+-----+--------+

Top non-repeatable levels by time:
     D:2: 2316 daAuts
     D:1: 1796 daAuts
     D:3: 1066 daAuts
     D:4: 198 daAuts
